AoeStats
← westrem

Four Lakes

509432494Analyzed
1v1 RM · 7d ago on Sep 26, 2026· 43m 22s· 2 players
Game mode
Random Map
Map size
Tiny (2 player)
Population
200
Speed
Normal
Resources
Standard
Victory
Conquest
Starting age
Dark Age
Ending age
Imperial Age
RankedLock teamsTeams togetherTeam positionsShared explorationLock speedFull tech treeHidden civsTurbo modeCheats
Victory
Defeat
🇨🇿 Varangians · Czechia
1066
+15
🇬🇷 Khmer · Greece
1049
-15
orestsymeonidhs
8:27 Loom
10:55 Feudal Age
16:52 Castle Age
14:58 Double-Bit Axe
16:41 Fishing Lines
19:24 Gillnets
24:49 Wheelbarrow
24:29 Bow Saw
24:18 Town Watch
27:59 Imperial Age
26:20 Forging
26:10 Scale Mail Armor
26:32 Gold Mining
26:54 Scale Barding Armor
26:49 Padded Archer Armor
26:39 Fletching
30:28 Hand Cart
30:17 Pikeman
33:15 Chain Mail Armor
35:10 Chemistry
35:09 Halberdier
35:43 Arson
35:36 Capped Ram
37:55 Siege Ram
38:58 Ballistics
38:49 Masonry
40:04 Iron Casting
40:30 Gold Shaft Mining
39:46 Stone Mining
39:29 Heavy Scorpion
41:49 Double Crossbow
42:10 Conscription
westrem
3:00 Loom
13:10 Feudal Age
13:37 Double-Bit Axe
13:49 Town Watch
13:49 Horse Collar
20:51 Castle Age
18:41 Horse Collar
20:04 Bloodlines
20:01 Scale Barding Armor
22:28 Chain Barding Armor
22:17 Fletching
24:22 Fishing Lines
26:36 Forging
28:41 Wheelbarrow
29:14 Iron Casting
35:21 Imperial Age
33:30 Bow Saw
34:55 Husbandry
35:11 Masonry
36:26 Bodkin Arrow
36:36 Heavy Plow
36:05 Cavalier
37:21 Plate Barding Armor
38:25 Blast Furnace
37:27 Murder Holes
37:36 Vendel Legacy
39:30 Ballistics
39:49 Conscription
40:39 Hand Cart
41:57 Bracer
43:10 Two-Man Saw
42:49 Stone Mining
Connection lost

Rejoining the realm…

Still unreachable

The connection could not be restored.

Session expired

The server has moved on; the page needs a fresh start.